 Dungeon Crawl Stone Soup version 0.22.1-2-g9c5b331 (webtiles) character file.

138 whitewolfNL the Cudgeler (level 5, -1/46 HPs)
             Began as a Minotaur Berserker on Nov 21, 2018.
             Was a Believer of Trog.
             Slain by Grinder (3 damage)
             ... on level 3 of the Dungeon.
             The game lasted 00:11:12 (3056 turns).

whitewolfNL the Cudgeler (Minotaur Berserker)       Turns: 3056, Time: 00:11:13

Health: -1/46      AC:  4    Str: 22    XL:     5   Next: 1%
Magic:  4/4        EV: 12    Int:  5    God:    Trog [**....]
Gold:   183        SH:  0    Dex:  9    Spells: 4/4 levels left

rFire    . . .     SeeInvis .   v - +0 flail
rCold    . . .     Gourm    .   (no shield)
rNeg     . . .     Faith    .   f - +0 leather armour
rPois    .         Spirit   .   (helmet restricted)
rElec    .         Reflect  .   (no cloak)
rCorr    .         Harm     .   (no gloves)
MR       .....                  s - +0 pair of boots
Stlth    +.........             (no amulet)
HPRegen  0.15/turn              (no ring)
MPRegen  0.09/turn              (no ring)

@: berserk cooldown, slowed, very slow
A: retaliatory headbutt, horns 2
a: Berserk, Trog's Hand, Renounce Religion


You were on level 3 of the Dungeon.
You worshipped Trog.
Trog was pleased with you.
You were very hungry.

You visited 1 branch of the dungeon, and saw 3 of its levels.

You collected 183 gold pieces.

Inventory:

Hand Weapons
 a - a +0 flail
 i - a +0 hunting sling
 v - a +0 flail (weapon)
Missiles
 d - 138 stones (quivered)
 e - 44 arrows
 o - 53 sling bullets
 q - 23 bolts
Armour
 f - a +0 leather armour (worn)
 s - a +0 pair of boots (worn)
Scrolls
 g - 2 scrolls of noise {unknown}
 k - a scroll of amnesia {unknown}
 l - 2 scrolls of teleportation {unknown}
 m - 2 scrolls of fog {unknown}
 p - 5 scrolls of identify {unknown}
 r - a scroll of enchant armour {unknown}
Potions
 b - a potion of flight {unknown}
 h - a potion of berserk rage {unknown}
 j - 2 potions of ambrosia {unknown}
 n - a potion of curing {unknown}
 t - 2 potions of heal wounds
Comestibles
 c - 3 rations
 u - 2 chunks of flesh


   Skills:
 + Level 4.3 Fighting
 * Level 5.5 Maces & Flails
 * Level 2.9 Armour
 * Level 3.0 Dodging
 * Level 1.0 Stealth


You had 4 spell levels left.
You didn't know any spells.
Your spell library was empty.

Dungeon Overview and Level Annotations

Branches:
Dungeon (3/15)

Altars:

Annotations:
D:3 Grinder


Innate Abilities, Weirdness & Mutations

You reflexively headbutt those who attack you in melee.
You have a pair of horns on your head.


Message History

Grinder is heavily wounded.
Grinder barely misses you. Grinder hits you.
You writhe in agony.
You closely miss Grinder. Your headbutt misses Grinder.
Grinder is heavily wounded.
Grinder hits you.
You writhe in agony.
* * * LOW HITPOINT WARNING * * *
You hit Grinder.
Grinder is severely wounded.
Grinder hits you.
* * * LOW HITPOINT WARNING * * *
You writhe in agony.
* * * LOW HITPOINT WARNING * * *
Grinder hits you.
* * * LOW HITPOINT WARNING * * *
You writhe in agony.
* * * LOW HITPOINT WARNING * * *
Grinder closely misses you.
Grinder says, "Tell me all your secrets, or I'll kill you."
Grinder hits you.
You die...

#...#.# ###.. ###.. #.....#
#....#..#.. ##..####
#.#.#....#. #...#
#.#.#.....## #...#
####.#......... #<..#
#.........##.## #...#
#.##...........
####...#######.##..[.# .....
.............#!.@5.).#......
.............#.[#.......>...
.............#.).....#......
####...####.......##.#......
##.....#######.#...........
#.......### #.........####
##........# ###.##.##.#
#.....###.# #.##.# .#
#....## .# #.##.. .


You could see Grinder.

Vanquished Creatures
  5 adders (D:2)
  3 oozes
  3 worms (D:2)
  2 leopard geckos
  6 orcs (D:3)
  A ball python (D:1)
  2 giant cockroaches
  8 goblins
  4 hobgoblins
  4 jackals (D:1)
  7 kobolds
  2 quokkas (D:2)
  6 bats
  A frilled lizard (D:2)
  4 rats
  6 plants (D:1)
64 creatures vanquished.

Notes
Turn   | Place    | Note
-------+----------+-------------------------------------------
     0 | D:1      | whitewolfNL the Minotaur Berserker began the quest for the
                  | Orb.
     0 | D:1      | Reached XP level 1. HP: 19/19 MP: 0/0
    64 | D:1      | Reached XP level 2. HP: 24/27 MP: 1/1
    78 | D:1      | Reached skill level 4 in Maces & Flails
   401 | D:1      | Reached XP level 3. HP: 31/33 MP: 2/2
   958 | D:1      | Reached ** piety under Trog
  1752 | D:2      | Reached XP level 4. HP: 40/40 MP: 3/3
  1912 | D:2      | Reached skill level 5 in Maces & Flails
  2122 | D:2      | Reached skill level 1 in Stealth
  3038 | D:3      | Noticed Grinder
  3043 | D:3      | Reached XP level 5. HP: 44/46 MP: 4/4
  3052 | D:3      | HP: 1/46 [Grinder (2)]
  3056 | D:3      | Slain by Grinder

Skill      XL: |  1  2  3  4 |
---------------+-------------+-----
Maces & Flails | 4 5 |  5.5
Fighting       | 4 |  4.3
Stealth        | 1 |  1.0
Dodging        | 3 |  3.0
Armour         | |  2.9

Action                   |  1- 3 |  4- 6 || total
-------------------------+-------+-------++-------
Melee: Mace              |   219 |    30 ||   249
       Headbutt          |    52 |    11 ||    63
       Flail             |       |    14 ||    14
Invok: Berserk           |     1 |     2 ||     3
  Use: Potion            |     1 |       ||     1
 Stab: Sleeping          |       |     1 ||     1
  Eat: Chunk             |     2 |     3 ||     5
       Ration            |     1 |       ||     1
Armor: Animal skin       |    13 |       ||    13
       Leather armour    |     9 |     6 ||    15
Dodge: Dodged            |    48 |    44 ||    92
